 Dungeon Crawl Stone Soup version 0.21-a0-88-g13b9641 (webtiles) character file.

54 Ijustatesigmund the Sneak (level 3, -2/26 HPs)
             Began as an Octopode Assassin on June 26, 2017.
             Slain by an adder (5 damage)
             ... on level 2 of the Dungeon.
             The game lasted 00:02:32 (1459 turns).

Ijustatesigmund the Sneak (Octopode Assassin)       Turns: 1459, Time: 00:02:33

Health: -2/26      AC:  1    Str: 10    XL:     3   Next: 91%
Magic:  3/3        EV: 13    Int: 13    God:
Gold:   54         SH:  0    Dex: 14    Spells: 2/2 levels left

rFire    + . .     SeeInvis .   a - +3 dagger
rCold    + . .     Gourm    .   (no shield)
rNeg     + . .     Faith    .   (helmet restricted)
rPois    +         Spirit   .   (no amulet)
rElec    +         Reflect  .   i - ring of positive energy
rCorr    +         Harm     .   m - ring of protection from magic
MR       +....                  n - ring of stealth
Stlth    +++++.....             (no ring)
HPRegen  0.08/turn              (no ring)
MPRegen  0.08/turn              (no ring)
                                (no ring)
                                (no ring)

@: lethally poisoned (-2 -> -5), about to teleport, resistant, flying
A: almost no armour, stealthy swim, amphibious, 8 rings, constrict 8, camouflage
1, gelatinous body 1
a: no special abilities


You were on level 2 of the Dungeon.
You were not hungry.

You visited 1 branch of the dungeon, and saw 2 of its levels.

You collected 54 gold pieces.

Inventory:

Hand Weapons
 a - a +3 dagger (weapon)
 b - a +0 blowgun
Missiles
 c - 8 poisoned needles
 d - 2 curare-tipped needles
 g - 5 tomahawks (quivered)
Jewellery
 i - a ring of positive energy (left tentacle)
 m - a ring of protection from magic (right tentacle)
 n - a ring of stealth (on tentacle)
Scrolls
 j - a scroll of enchant weapon
Potions
 e - a potion of magic
 h - a potion of resistance
Comestibles
 f - a bread ration
 k - a meat ration


   Skills:
 + Level 3.0 Fighting
 + Level 2.8 Short Blades
 - Level 2.0 Throwing
 + Level 2.0 Dodging
 - Level 5.3 Stealth


You had 2 spell levels left.
You didn't know any spells.

Dungeon Overview and Level Annotations

Branches:
Dungeon (2/15)

Altars:
Nemelex Xobeh


Innate Abilities, Weirdness & Mutations

You cannot wear most types of armour.
You are very stealthy in the water. (Stealth+)
You are amphibious.
You can wear up to eight rings at the same time.
You can use your tentacles to constrict eight enemies at once.
Your skin changes colour to match your surroundings (Stealth+).
Your rubbery body absorbs attacks. (AC +1, EV +1)


Message History

You are too injured to fight recklessly!
You are too injured to fight recklessly!
You are too injured to fight recklessly!
You are too injured to fight recklessly!
You are too injured to fight recklessly!
You are too injured to fight recklessly!
It was a potion of resistance.
You feel protected.
You feel sick. The kobold closely misses you. The adder bites you.
* * * LOW HITPOINT WARNING * * *
It was a potion of flight.
You feel very buoyant.
You fly up into the air.
The adder bites you.
* * * LOW HITPOINT WARNING * * *
The kobold hits you.
* * * LOW HITPOINT WARNING * * *
As you read the scroll of teleportation, it crumbles to dust.
You feel strangely unstable. The adder closely misses you.
The kobold closely misses you. The adder bites you.
You die...

$P.P.♣.#.#
#.#..#....###...#.
PP..♣.)..#
#.##.#.#.###..#)..
♣.♣♣..##...# #.##.#.#.#
#.###.†
♣♣♣...##.#.#####.##.....##<.
♣.♣
.....................#..#..#
...
..######.#..#.......##..#.#
.♣.♣ ..# ♣♣♣.♣.........)#...
♣... +.# ♣...............
.♣. #.. ♣...K@..........♣ .
. #... ♣...S##.........#
##### ♣..$. ...####.. #....
..... .# ...... .....
###.... ....# #.... ...#
#....


You could see an adder and a kobold.

Vanquished Creatures
  2 adders (D:2)
  2 worms (D:2)
  A dart slug (D:2)
  A ball python (D:1)
  A giant cockroach (D:2)
  5 goblins
  2 hobgoblins
  2 jackals (D:2)
  2 quokkas (D:2)
  4 bats
  2 frilled lizards (D:1)
  A kobold (D:2)
  2 rats (D:1)
27 creatures vanquished.

Notes
Turn   | Place    | Note
-------+----------+-------------------------------------------
     0 | D:1      | Ijustatesigmund the Octopode Assassin began the quest for the Orb.
     0 | D:1      | Reached XP level 1. HP: 14/14 MP: 1/1
   274 | D:1      | Reached XP level 2. HP: 14/19 MP: 2/2
  1019 | D:2      | Found a sparkling altar of Nemelex Xobeh.
  1024 | D:2      | Reached XP level 3. HP: 17/25 MP: 3/3
  1459 | D:2      | Slain by an adder

Vault maps used:
D:1:      dpeg_arrival_signposts
D:2:      nicolae_ru_great_annihilating_truth,
          nemelex_xobeh_ov_fountains_minmay, serial_forest,
          infiniplex_forest_end_double, infiniplex_forest_lined_4_way,
          infiniplex_forest_lined_room_2, infiniplex_forest_lined_room_3,
          infiniplex_forest_lined_ring, infiniplex_forest_straight_5,
          infiniplex_forest_clump_double, infiniplex_forest_corner_1,
          kennysheep_flooded_box

Skill      XL: |  1  2  3 |
---------------+----------+-----
Fighting       | 3 |  3.0
Dodging        | 2 |  2.0
Short Blades   | |  2.8
Throwing       | |  2.0
Stealth        | |  5.3

Action                   || total
-------------------------++-------
Melee: Dagger            ||    56
       Constrict         ||    14
       Tentacles         ||    10
  Use: Potion            ||     3
       Scroll            ||     6
 Stab: Sleeping          ||     6
  Eat: Chunk             ||     2
Armor: Skin              ||     5
Dodge: Dodged            ||    32
